Map: Bel'Shir Vestige LE (Void)

Players

Geralt (Gerald)

  • Race: Protoss Protoss
  • League: Grandmaster
  • Spawn Location: 5:00

Railgan - Winner!

  • Race: Zerg Zerg
  • League: Master
  • Spawn Location: 11:00

VOD

Have the link to the VOD?

Description

Time

  • Played on: March 1, 2017, 3:53 p.m.
  • Length: 6:32
Show
View Real Time Build Order
Export as new Build Order

Geralt Protoss 

Build Orders: 1 Gate Expand, Oracle Opening 

Get SALT Encoding   

  12  0:01  Probe (Chrono Boost)  
  13  0:12  Probe (Chrono Boost)  
  14  0:20  Pylon  
  14  0:22  Probe (Chrono Boost)  
  15  0:38  Probe (Chrono Boost)  
  16  0:48  Assimilator  
  16  0:49  Gateway, Probe (Chrono Boost)  
  17  0:59  Probe (Chrono Boost)  
  18  1:10  Probe (Chrono Boost)  
  19  1:12  Pylon  
  19  1:20  Probe (Chrono Boost)  
  20  1:32  Nexus  
  20  1:34  Probe (Chrono Boost)  
  21  1:43  Cybernetics Core  
  21  1:46  Probe (Chrono Boost)  
  22  1:56  Assimilator  
  22  1:57  Probe (Chrono Boost)  
  23  2:06  Pylon  
  23  2:07  Probe (Chrono Boost)  
  24  2:16  Adept  
  24  2:19  Probe (Chrono Boost)  
  28  2:31  Probe (Chrono Boost)  
  28  2:32  Stargate  
  28  2:39  Adept  
  28  2:43  Probe (Chrono Boost)  
  31  2:45  Probe (Chrono Boost)  
  31  2:50  Warp Gate  
  31  2:55  Probe x2 (Chrono Boost)  
  33  3:06  Probe (Chrono Boost)  
  33  3:08  Probe (Chrono Boost)  
  33  3:12  Adept  
  35  3:16  Probe (Chrono Boost)  
  35  3:18  Oracle, Gateway  
  35  3:19  Pylon  
  39  3:20  Probe (Chrono Boost)  
  42  3:32  Probe x2 (Chrono Boost)  
  44  3:39  Adept  
  46  3:42  Probe (Chrono Boost)  
  46  3:45  Probe (Chrono Boost)  
  46  3:50  Twilight Council  
  46  3:53  Probe (Chrono Boost)  
  46  3:55  Pylon  
  48  3:57  Probe (Chrono Boost)  
  48  4:07  Adept  
  51  4:10  Adept, Probe (Chrono Boost)  
  51  4:12  Probe (Chrono Boost)  
  51  4:13  Assimilator  
  51  4:15  Assimilator  
  52  4:18  Phoenix  
  52  4:19  Gateway  
  52  4:20  Resonating Glaives  
  52  4:23  Gateway, Probe (Chrono Boost)  
  55  4:24  Probe (Chrono Boost)  
  56  4:35  Probe x2 (Chrono Boost)  
  58  4:45  Probe (Chrono Boost)  
  58  4:47  Probe (Chrono Boost)  
  58  4:53  Pylon  
  58  4:57  Gateway x2  
  58  4:58  Void Ray  
  59  5:06  Pylon x2  
  62  5:13  Probe x2 (Chrono Boost)  
  64  5:24  Nexus  
  64  5:27  Mothership Core (Chrono Boost), Pylon, Probe (Chrono Boost)  
  67  5:33  Stalker x2  
  69  5:39  Probe (Chrono Boost)  
  62  5:43  Adept x2  
  62  5:46  Probe (Chrono Boost)  
  53  5:55  Adept  
  49  5:58  Adept  
  49  6:03  Adept  
  34  6:13  Adept x2  
  34  6:15  Probe (Chrono Boost)  
  33  6:24  Adept  
Show
View Real Time Build Order
Export as new Build Order

Railgan Zerg - Winner!

Build Orders: Pool First 

Get SALT Encoding   

  12  0:01  Drone  
  13  0:12  Overlord  
  13  0:17  Drone  
  14  0:32  Drone x2  
  14  0:34  Drone  
  17  0:54  Drone  
  17  0:55  Extractor  
  17  0:56  Drone, Spawning Pool  
  17  1:08  Drone  
  18  1:18  Drone  
  19  1:31  Drone  
  20  1:40  Hatchery  
  20  1:41  Overlord  
  20  1:43  Queen  
  21  1:49  Zergling x2  
  22  2:01  Zergling x2  
  23  2:13  Drone  
  24  2:21  Metabolic Boost  
  24  2:22  Queen  
  26  2:26  Drone  
  27  2:35  Hatchery  
  27  2:36  Drone  
  27  2:48  Drone  
  28  2:53  Drone  
  28  2:54  Drone x3  
  32  3:00  Overlord  
  31  3:08  Zergling x4  
  33  3:15  Drone  
  34  3:20  Drone  
  34  3:28  Drone x2  
  36  3:36  Spore Crawler  
  36  3:37  Drone x3  
  36  3:39  Overlord  
  38  3:44  Roach Warren  
  38  3:45  Drone x3  
  39  3:54  Spore Crawler  
  38  3:55  Drone  
  38  3:56  Drone  
  39  4:09  Drone, Spore Crawler  
  39  4:21  Overlord  
  41  4:24  Roach x6  
  41  4:27  Roach  
  41  4:30  Extractor  
  52  4:31  Roach  
  52  4:33  Roach  
  52  4:36  Overlord  
  56  4:41  Overlord  
  56  4:42  Zergling x2  
  54  4:45  Zergling x2  
  54  4:46  Zergling x2  
  54  4:52  Zergling x2  
  57  4:53  Zergling x6  
  57  4:56  Zergling x4  
  62  5:02  Overlord  
  62  5:07  Ravager x2  
  62  5:08  Ravager  
  62  5:09  Zergling x2  
  62  5:10  Zergling x6  
  62  5:13  Zergling x4  
  71  5:15  Ravager  
  71  5:16  Zergling x2  
  71  5:18  Zergling x2  
  71  5:19  Zergling x2  
  75  5:21  Zergling x2  
  75  5:25  Zergling x4  
  78  5:29  Zergling x2  
  78  5:40  Zergling x2  
  75  5:44  Zergling x2  
  75  5:46  Zergling x4  
  75  5:50  Zergling x2  
  75  5:51  Zergling x8  
  78  5:59  Zergling x4  
  77  6:04  Zergling x2  
  77  6:08  Zergling x2  
  77  6:09  Zergling x2  
Tags
 
Add a new tag
Caveats
  • Supply blocks, unpowered buildings, or Contaminate may cause inaccurate times.
  • Supply counts are checked every 10 seconds.